 Dungeon Crawl Stone Soup version 0.27.0-1-g7a089689b8 (webtiles) character file.

Game seed: 10072531226854369525

205 ABBCCCDDDD the Ruffian (level 5, 0/53 HPs)
             Began as a Troll Monk on Aug 15, 2021.
             Was a Priest of the Shining One.
             Slain by a gnoll (7 damage)
             ... on level 3 of the Dungeon.
             The game lasted 00:02:03 (1428 turns).

ABBCCCDDDD the Ruffian (Troll Monk)                 Turns: 1428, Time: 00:02:03

Health: 0/53       AC:  4    Str: 19    XL:     5   Next: 52%
Magic:  4/4        EV: 10    Int:  7    God:    the Shining One [***...]
Gold:   131        SH:  0    Dex: 12    Spells: 4/4 levels left

rFire    . . .     SeeInvis .     - Unarmed
rCold    . . .     Faith    .   (no shield)
rNeg     + . .     Spirit   .   a - +0 robe
rPois    .         Reflect  .   (helmet restricted)
rElec    .         Harm     .   (no cloak)
rCorr    .         Rampage  .   (gloves unavailable)
Will     .....                  (boots unavailable)
Stlth    +.........             (no amulet)
HPRegen  1.17/turn              (no ring)
MPRegen  0.09/turn              (no ring)

@: hasted, glowing, very quick
A: large, unfitting armour, claws 3, regeneration 1, shaggy fur 1, tough skin 1
a: Renounce Religion, Divine Shield


You were on level 3 of the Dungeon.
You worshipped the Shining One.
The Shining One was most pleased with you.
You visited 1 branch of the dungeon, and saw 3 of its levels.

You collected 131 gold pieces.

Inventory:

Armour
 a - a +0 robe (worn)
Scrolls
 e - a scroll of fear {unknown}
 h - 2 scrolls of identify {unknown}
 i - a scroll of blinking {unknown}
Potions
 b - a potion of haste
 c - a potion of flight {unknown}
 d - a potion of magic {unknown}
 f - 2 potions of berserk rage {unknown}
 g - a potion of curing {unknown}


   Skills:
 + Level 3.2 Fighting
 + Level 3.2 Dodging
 - Level 1.0 Stealth
 * Level 4.8 Unarmed Combat
 + Level 1.1 Invocations


You had 4 spell levels left.
You didn't know any spells.
Your spell library contained the following spells:

 Spells                   Type           Power      Damage    Failure   Level
 Dazzling Flash           Conj/Hex       0%         N/A       80%         3
 Agony                    Necr           0%         N/A       100%        5
 Silence                  Hex/Air        0%         N/A       100%        5


Dungeon Overview and Level Annotations

Branches:
Dungeon (3/15)

Altars:
Kikubaaqudgha
The Shining One

Annotations:
D:3 Grinder


Innate Abilities, Weirdness & Mutations

You are too large for most types of armour.
You have claws for hands.
Your natural rate of healing is unusually fast.
You are covered in fur. (AC +1)
You have tough skin. (AC +1)


Message History

The gnoll hits you from afar with a +0 spear.
You scratch the gnoll.
The gnoll is almost dead.
The gnoll closely misses you.
The gnoll hits you from afar with a +0 spear.
You barely miss the gnoll.
The gnoll is almost dead.
The gnoll closely misses you. The gnoll barely misses you.
You scratch the gnoll.
You kill the gnoll!
Grinder comes into view.
You scratch the gnoll.
The gnoll is moderately wounded.
The gnoll barely misses you.
The gnoll hits you from afar with a +0 spear.
Grinder blinks!
You scratch the gnoll.
The gnoll is heavily wounded.
The gnoll barely misses you. The gnoll closely misses you.
A gnoll comes into view. It is wielding a +0 club.
Grinder hits you!
You are too injured to fight recklessly!
You are too injured to fight recklessly!
You barely miss Grinder.
The gnoll barely misses you. x2; Grinder hits you.
You writhe in agony.
You claw Grinder!
Grinder is moderately wounded.
The gnoll misses you. x2; Grinder hits you.
* * * LOW HITPOINT WARNING * * *
You writhe in agony.
* * * LOW HITPOINT WARNING * * *
You claw Grinder!
Grinder is heavily wounded.
The gnoll closely misses you. The gnoll barely misses you.
Grinder closely misses you.
It was a potion of haste.
You feel yourself speed up. The gnoll hits you with a +0 whip!
* * * LOW HITPOINT WARNING * * *
The gnoll hits you from afar with a +0 spear!
You die... #### #gg

######### #g#
#.......# #@#
#.#####.# ##5## #.#
#.#####...# #.#
#.......#.# #.#
#######...# ##.#
#####
##..###############
..#.##............##
##..##.##..........#


You could see Grinder and 3 gnolls.

Levels and vault maps discovered:
D:1:      lightli_arrival_lavapool, layout_loops_ring,
          ebering_ecumenical_altar_rust, hangedman_decor_points
D:2:      layout_rooms, minmay_misc_feat_ornament
D:3:      layout_loops_ring, nicolae_kikubaaqudgha_miasma_corner, uniq_ijyb,
          uniq_grinder

Notes
Turn   | Place    | Note
-------+----------+-------------------------------------------
     0 | D:1      | ABBCCCDDDD the Troll Monk began the quest for the Orb.
     0 | D:1      | Reached XP level 1. HP: 22/22 MP: 0/0
    11 | D:1      | Found a faded altar of an unknown god.
    17 | D:1      | Became a worshipper of the Shining One
    17 | D:1      | Reached * piety under the Shining One
    17 | D:1      | Reached ** piety under the Shining One
   113 | D:1      | Reached XP level 2. HP: 29/29 MP: 1/1
   720 | D:2      | Reached XP level 3. HP: 36/36 MP: 2/2
   930 | D:2      | Reached *** piety under the Shining One
   943 | D:2      | Reached skill level 4 in Unarmed Combat
   947 | D:2      | Reached XP level 4. HP: 44/44 MP: 3/3
  1214 | D:3      | Found an ancient bone altar of Kikubaaqudgha.
  1314 | D:3      | Noticed an ogre
  1321 | D:3      | Killed an ogre
  1322 | D:3      | Reached skill level 1 in Invocations
  1322 | D:3      | Reached XP level 5. HP: 53/53 MP: 0/4
  1422 | D:3      | Noticed Grinder
  1428 | D:3      | Slain by a gnoll

Table legend: (Time is in decaauts)
 A = Elapsed time spent in this place.
 B = Non-inter-level travel time spent in this place.
 C = Inter-level travel time spent in this place.
 D = Time resting spent in this place.
 E = Time spent auto-exploring this place.
 F = Levels seen in this place.
 G = Mean time per level.
                   A        B        C        D        E       F      G
               +--------+--------+--------+--------+--------+-----+--------+
         Total |   1419 |   1375 |     44 |      0 |   1103 |   3 |  473.0 |
       Dungeon |   1419 |   1375 |     44 |      0 |   1103 |   3 |  473.0 |
               +--------+--------+--------+--------+--------+-----+--------+

Top non-repeatable levels by time:
     D:1: 705 daAuts
     D:2: 502 daAuts
     D:3: 212 daAuts

Table legend:
 A = Kills in this place as a percentage of kills in entire the game.
 B = Kills by you in this place as a percentage of kills by you in the entire game.
 C = Kills by friends in this place as a percentage of kills by friends in the entire game.
 D = Other kills in this place as a percentage of other kills in the entire game.
 E = Experience gained in this place as a percentage of experience gained in the entire game.
 F = Experience gained in this place divided by the number of levels of this place that you have seen.
                   A       B       C       D       E      F
               +-------+-------+-------+-------+-------+----------------------
         Total | 100.0 | 100.0 |   N/A |   N/A | 100.0 |  97.7
       Dungeon | 100.0 | 100.0 |   N/A |   N/A | 100.0 |  97.7
               +-------+-------+-------+-------+-------+----------------------

Action                   |  1- 3 |  4- 6 || total
-------------------------+-------+-------++-------
Melee: Unarmed           |    66 |    48 ||   114
Invok: Divine Shield     |       |     1 ||     1
  Use: Potion            |       |     1 ||     1
Armor: Robe              |    15 |    10 ||    25
Dodge: Dodged            |    29 |    31 ||    60
Block: Other             |       |     1 ||     1

Vanquished Creatures
  An ogre (D:3)
  5 gnolls
  An adder (D:2)
  A worm (D:3)
  2 dart slugs (D:2)
  An orc (D:3)
  5 ball pythons
  5 bats
  5 endoplasms
  A goblin (D:1)
  5 hobgoblins
  4 jackals (D:2)
  2 quokkas (D:2)
  4 frilled lizards
  8 kobolds
  5 rats
55 creatures vanquished.
